 Dungeon Crawl Stone Soup version 0.27-a0-965-gbf8bb431c4 (webtiles) character file.

Game seed: 4760360520489165913

13603 Anon1729 the Thaumaturge (level 12, 0/93 HPs)
             Began as a Djinni Transmuter on Apr 12, 2021.
             Was a Believer of Ashenzari.
             Slain by a minotaur
             ... wielding a staff of cold
              (10 damage)
             ... in a Gauntlet.
             The game lasted 00:51:41 (18577 turns).

Anon1729 the Thaumaturge (Djinni Transmuter)       Turns: 18577, Time: 00:51:42

Health: 0/93       AC:  7    Str: 19    XL:     12   Next: 7%
Gold:   777        EV: 17    Int: 25    God:    Ashenzari [**....] SH:  0 Dex: 15

rFire    + + +     SeeInvis +   A - staff of cold
rCold    . . .     Faith    .   (no shield)
rNeg     . . .     Spirit   .   P - +1 robe "Gaudan" {Str+4}
rPois    ∞         Reflect  .   c - +0 helmet
rElec    .         Harm     .   i - +2 cloak of Ashenzari's Prison {Evo, Self} (curse)
rCorr    .         Rampage  .   (no gloves)
Will     +....     NoTele   +   (boots unavailable)
Stlth    +.........             (no amulet)
HPRegen  0.25/turn              b - ring "Pangnostic Optimism" {Str+6, Melee, Self} (curse)
MPRegen  0.00/turn              x - ring of Panopticon {Int+6, Evo, Melee} (curse)

@: flying, hasted, very quick
A: fire resistance 3, cold vulnerability 1, float, innate caster, hp casting,
extra vitality 1
a: Renounce Religion, Curse Item, Shatter the Chains


You were in a Gauntlet.
You worshipped Ashenzari.
Ashenzari was pleased with you.
You visited 2 branches of the dungeon, and saw 13 of its levels.
You also visited: Bailey and Gauntlet.

You collected 777 gold pieces.

Inventory:

Hand Weapons
 M - the +7 Singing Sword {vorpal, sonic wave}
   (You found it on level 11 of the Dungeon)

   It inflicts extra damage upon your enemies.
Missiles
 w - a throwing net
Armour
 a - a +0 robe
 c - a +0 helmet (worn)
 i - the cursed +2 cloak of Ashenzari's Prison (worn) {Evo, Self}
   (You found it on level 2 of the Dungeon)

   It has a curse which improves the following skills: Evocations: Evocations.
   Introspection: Fighting and Spellcasting.
 P - the +1 robe "Gaudan" (worn) {Str+4}
   (You found it in a Gauntlet)

   It affects your strength (+4).
Magical Staves
 n - a staff of death
 A - a staff of cold (weapon)
Jewellery
 b - the cursed ring "Pangnostic Optimism" (left hand) {Str+6, Melee, Self}
   (You found it on level 1 of the Dungeon)

   [ring of strength]

   It affects your strength (+6).
   It has a curse which improves the following skills: Melee Combat: Short
   Blades, Long Blades, Axes, Maces & Flails, Polearms, Staves and Unarmed
   Combat.
   Introspection: Fighting and Spellcasting.
 l - a ring of positive energy
 x - the cursed ring of Panopticon (right hand) {Int+6, Evo, Melee}
   (You found it on level 4 of the Dungeon)

   [ring of intelligence]

   It affects your intelligence (+6).
   It has a curse which improves the following skills: Evocations: Evocations.
   Melee Combat: Short Blades, Long Blades, Axes, Maces & Flails, Polearms,
   Staves and Unarmed Combat.
 G - a +6 ring of dexterity
 H - a ring of resist corrosion
 J - a ring of wizardry
 N - a ring of ice
Wands
 y - a wand of digging (4)
 C - a wand of flame (1)
 I - a wand of iceblast (7)
 L - a wand of acid (3)
 R - a wand of charming (4)
Scrolls
 d - a scroll of fog
 e - 2 scrolls of holy word
 g - 11 scrolls of identify
 h - 3 scrolls of torment
 j - 3 scrolls of teleportation
 p - 3 scrolls of blinking
 t - 2 scrolls of amnesia
 u - 2 scrolls of enchant armour
 B - a scroll of magic mapping
 K - a scroll of brand weapon
 Q - a scroll of fear
Potions
 k - 2 potions of attraction
 m - a potion of magic
 o - a potion of ambrosia
 q - a potion of berserk rage
 r - 5 potions of curing
 s - a potion of resistance
 v - a potion of flight
 z - a potion of mutation
 D - 2 potions of lignification
 F - 2 potions of haste
Miscellaneous
 E - a box of beasts (inert)
 O - a phial of floods (inert)


   Skills:
 + Level 8.7(10.9) Fighting
 + Level 9.7 Dodging
 + Level 9.2(11.4) Unarmed Combat
 * Level 10.3(12.4) Spellcasting


You had 5 spell levels left.
You knew the following spells:

 Your Spells              Type           Power      Damage    Failure   Level
a - Beastly Appendage     Tmut           100%       N/A       1%          1
b - Wereblood             Tmut           67%        N/A       1%          2
c - Spider Form           Tmut/Pois      33%        N/A       1%          3
d - Ice Form              Ice/Tmut       86%        N/A       1%          4
e - Hydra Form            Tmut           33%        N/A       1%          5
f - Summon Small Mammal   Summ           100%       N/A       1%          1
g - Ensorcelled Hibernat  Hex/Ice        100%       N/A       1%          2
h - Frozen Ramparts       Ice            100%       1d12      1%          3
i - Fulminant Prism       Conj/Hex       33%        3d16      1%          4
j - Yara's Violent Unrav  Hex/Tmut       33%        3d14      1%          5
Your spell library was empty.

Dungeon Overview and Level Annotations

Branches:
Dungeon (12/15)            Temple (1/1) D:6            Lair (0/6) D:8
    Orc (0/2) D:10         Bailey (visited)         Gauntlet (1/1)

Altars:
Ashenzari
Cheibriados
Dithmenos
Elyvilon
Fedhas
Gozag
Hepliaklqana
Kikubaaqudgha
Makhleb
Nemelex Xobeh
Okawaru
Qazlal
Ru
Sif Muna
Trog
Uskayaw
Vehumet
Wu Jian
Xom
Yredelemnul
Zin
The Shining One

Annotations:
D:6 1 transporter
D:8 3 runed translucent doors, polve's ghost, novice MfIE Gauntlet 4 transporters


Innate Abilities, Weirdness & Mutations

You are immune to poison.
Your flesh is almost immune to the effects of heat. (rF+++)
You are vulnerable to cold. (rC-)
You float through the air rather than walking.
You learn spells naturally, not from books.
Your magical power is your life essence.
You have superior vitality. (+4 HP)


Message History

The minotaur is knocked back by the torrent of water.
The minotaur slams into the metal wall!
The wave splashes down.
The minotaur is engulfed in water.
The minotaur shoots a stone.
The stone hits you!!
* * * LOW HITPOINT WARNING * * *
Your fulminant prism crackles loudly.
You feel much better.
Your fulminant prism explodes!
The blast of energy engulfs the minotaur!!
The minotaur is moderately wounded.
The minotaur shoots a stone.
The stone hits you!!
* * * LOW HITPOINT WARNING * * *
Okay, then.
Press: ? - help, v - describe, . - travel Some deep water.
Okay, then.
Okay, then.
Okay, then.
Okay, then.
Okay, then.
Unknown command.
As you read the scroll of fog, it crumbles to dust.
The scroll dissolves into smoke.
You feel yourself speed up.
You feel much better.
You are confused.
You feel invigorated.
Really quaff the potion of lignification?
You would drown in your new form.
Unknown command.
Okay, then.
You are too confused!
You feel better.
You feel less invigorated.
The minotaur shoots a stone.
The stone hits you!!
The minotaur unwields the +6 hunting sling "Newtslayer" {venom, rC+ Dex+3 Stlth-}.
It stops dripping with poison.
The minotaur wields a staff of cold.
The minotaur hits you with a staff of cold!!
* * * LOW HITPOINT WARNING * * *
The minotaur freezes you!
You die...

≈≈.#.#.###.#.∩.#.©.... 'H
⌠+
#≈.#?#...#.#.8.#.8.##.*.#
##.#.###.#'#...#.©.# ..
#≈.#..©#...#...#.8≈##.#,
≈≈.#########.8.#.©≈H..#
*,
#≈....#©..8#.⌠.#.8≈##.#
##..8.#...©#.8.#§§§# ,
#≈....#©..8#...#§H§# *
≈≈.#########...#@§§#
#≈.#..#.#..#..###§##
##.#.#.#.#.#.## ###
#≈.#.#.#.#.#.≈##
≈≈.#..#©#..#.≈≈#
#≈.#.#†#.#.#.≈##
##.#.#.#.#.#.##
#≈.#..#©#..#.≈##
≈≈.#########.≈≈#


You could see a minotaur (waterlogged).

Vanquished Creatures
  Snorg (D:11)
  A green death (Gauntlet)
  A hydra (D:11)
  Erolcha (D:11)
  A two-headed ogre (D:10)
  2 hell hogs (Gauntlet)
  An orc knight (Bailey)
  2 orange demons (Gauntlet)
  A rime drake (shapeshifter) (D:11)
  A minotaur zombie (Gauntlet)
  A troll (D:12)
  2 meliai zombies (D:10)
  A shadow (D:10)
  A wyvern (D:8)
  3 basilisks (D:8)
  A wraith (D:10)
  A chaos spawn (Gauntlet)
  5 fire bats (Gauntlet)
  A steam dragon (D:7)
  A neqoxec (Gauntlet)
  A two-headed ogre zombie (D:10)
  An acid dragon (D:8)
  3 hell hounds (Gauntlet)
  2 water moccasins
  A swamp drake (D:8)
  An ice beast (D:6)
  A sky beast (D:6)
  3 ogres
  9 orc warriors
  4 necrophages
  3 phantoms
  A bullfrog (D:8)
  A gnoll sergeant (D:12)
  2 scorpions (D:5)
  A water moccasin zombie (D:5)
  A troll zombie (D:10)
  A killer bee (D:9)
  4 centaur zombies
  A bullfrog zombie (D:6)
  2 hounds
  A centaur skeleton (D:5)
  9 orc priests
  3 jellies
  2 bullfrog skeletons
  2 iguanas
  6 orc wizards
  6 ogre zombies (D:10)
  A hound skeleton (D:4)
  23 gnolls
  8 adders
  2 shadow imps
  2 ufetubi
  A worm (D:2)
  2 dart slugs
  46 orcs
  7 endoplasms
  2 giant cockroaches
  11 goblins
  7 hobgoblins
  9 jackals
  9 kobolds
  4 quokkas
  4 ball pythons
  A bat (D:2)
  3 frilled lizards
  4 hobgoblin skeletons (D:10)
  A hobgoblin zombie (D:10)
  An orc skeleton (D:10)
  19 orc zombies (D:10)
  6 rats (D:1)
  2 fulminant prisms (D:10)
276 creatures vanquished.

Vanquished Creatures (collateral kills)
  A gnoll sergeant (D:11)
  A gnoll (D:11)
2 creatures vanquished.

Vanquished Creatures (others)
  52 fulminant prisms
52 creatures vanquished.

Grand Total: 330 creatures vanquished

Notes
Turn   | Place    | Note
-------+----------+-------------------------------------------
     0 | D:1      | Anon1729 the Djinni Transmuter began the quest for the Orb.
     0 | D:1      | Reached XP level 1. HP: 17/17 MP: 0/0
   391 | D:1      | Reached XP level 2. HP: 18/22 MP: 0/0
   672 | D:1      | Reached skill level 2 in Spellcasting
  1202 | D:1      | Reached XP level 3. HP: 21/27 MP: 0/0
  1202 | D:1      | Learned a level 1 spell: Summon Small Mammal
  2272 | D:2      | Reached XP level 4. HP: 16/33 MP: 0/0
  2748 | D:2      | Noticed a necrophage
  2762 | D:2      | Killed a necrophage
  2763 | D:2      | Reached skill level 3 in Spellcasting
  2763 | D:2      | Reached XP level 5. HP: 21/39 MP: 0/0
  2763 | D:2      | Learned a level 2 spell: Ensorcelled Hibernation
  3699 | D:3      | Reached XP level 6. HP: 39/45 MP: 0/0
  3854 | D:3      | Found a faded altar of an unknown god.
  5351 | D:4      | Found a hazy altar of Hepliaklqana.
  5516 | D:4      | Reached skill level 4 in Spellcasting
  5516 | D:4      | Reached XP level 7. HP: 49/50 MP: 0/0
  5516 | D:4      | Learned a level 3 spell: Frozen Ramparts
  6150 | D:5      | Entered Level 5 of the Dungeon
  6670 | D:5      | Reached XP level 8. HP: 46/58 MP: 0/0
  6676 | D:5      | Reached skill level 5 in Unarmed Combat
  6889 | D:5      | Found a basalt altar of Yredelemnul.
  6957 | D:5      | Reached skill level 5 in Spellcasting
  7176 | D:6      | Reached skill level 5 in Dodging
  7755 | D:6      | Found a staircase to the Ecumenical Temple.
  7774 | Temple   | Entered the Ecumenical Temple
  8029 | Temple   | Became a worshipper of Ashenzari the Shackled
  8440 | D:6      | Reached skill level 6 in Spellcasting
  8440 | D:6      | Reached XP level 9. HP: 53/64 MP: 0/0
  8440 | D:6      | Learned a level 4 spell: Fulminant Prism
  8612 | D:6      | Reached skill level 5 in Fighting
  9161 | D:6      | Found a sparkling altar of Nemelex Xobeh.
  9161 | D:6      | Found a transporter.
  9176 | D:6      | Noticed a brown ugly thing
  9177 | D:6      | Noticed a manticore
  9489 | D:7      | Found a flagged portal.
  9594 | Bailey   | Entered a bailey
 10561 | Bailey   | Noticed an orc knight
 10612 | Bailey   | Killed an orc knight
 10613 | Bailey   | Reached skill level 7 in Spellcasting
 11232 | D:7      | Found a snail-covered altar of Cheibriados.
 11489 | D:7      | Reached XP level 10. HP: 53/72 MP: 0/0
 11510 | D:7      | Identified the cursed +2 cloak of Ashenzari's Prison {Evo,
                  | Self} (You found it on level 2 of the Dungeon)
 11991 | D:8      | Found an ornate altar of the Wu Jian Council.
 12636 | D:8      | Reached * piety under Ashenzari
 13226 | D:8      | Found a runed translucent gate.
 13226 | D:8      | Found a runed translucent gate.
 13226 | D:8      | Found a runed translucent gate.
 13232 | D:8      | Noticed polve's ghost (novice MfIE)
 13564 | D:8      | Reached skill level 8 in Spellcasting
 13967 | D:8      | Found a staircase to the Lair.
 14175 | D:10     | Entered Level 10 of the Dungeon
 15025 | D:10     | Found a staircase to the Orcish Mines.
 15472 | D:10     | Noticed a two-headed ogre
 15483 | D:10     | Killed a two-headed ogre
 15930 | D:10     | Reached XP level 11. HP: 74/82 MP: 0/0
 15930 | D:10     | Learned a level 5 spell: Yara's Violent Unravelling
 16062 | D:11     | Reached skill level 9 in Spellcasting
 16063 | D:11     | Noticed Snorg
 16232 | D:11     | Noticed a five-headed hydra
 16285 | D:11     | Killed a five-headed hydra
 16580 | D:11     | Reached ** piety under Ashenzari
 16609 | D:11     | Found the +7 Singing Sword {vorpal, sonic wave}
 16627 | D:11     | Noticed Erolcha
 16638 | D:11     | Killed Erolcha
 16666 | D:11     | Killed Snorg
 17257 | D:12     | Found a gate leading to a gauntlet.
 17261 | Gauntlet | Entered a Gauntlet
 17261 | Gauntlet | Found a transporter.
 17490 | Gauntlet | Found a transporter.
 17493 | Gauntlet | Found a transporter.
 17494 | Gauntlet | Found a transporter.
 17498 | Gauntlet | Noticed a death scarab
 17505 | Gauntlet | Found a transporter.
 17506 | Gauntlet | Found a transporter.
 17508 | Gauntlet | Noticed a green death
 17514 | Gauntlet | Found a runed translucent door.
 17518 | Gauntlet | Found a transporter.
 17519 | Gauntlet | Found a transporter.
 17523 | Gauntlet | Noticed a hell hog
 17527 | Gauntlet | Found a transporter.
 17527 | Gauntlet | Found a transporter.
 17530 | Gauntlet | Found a transporter.
 17531 | Gauntlet | Found a transporter.
 17539 | Gauntlet | Found a transporter.
 17540 | Gauntlet | Noticed a hell hog
 17574 | Gauntlet | Identified the +1 robe "Gaudan" {Str+4}
 17597 | Gauntlet | Found a transporter.
 17649 | Gauntlet | Gained mutation: Your flesh is almost immune to the effects
                  | of heat. (rF+++) [a neqoxec]
 17794 | Gauntlet | Killed a green death
 17954 | Gauntlet | Reached skill level 10 in Spellcasting
 17955 | Gauntlet | Killed a hell hog
 18120 | Gauntlet | Killed a hell hog
 18121 | Gauntlet | Reached XP level 12. HP: 72/93 MP: 0/0
 18556 | Gauntlet | Identified the +6 hunting sling "Newtslayer" {venom, rC+
                  | Dex+3 Stlth-}
 18556 | Gauntlet | Identified the +4 ring mail of the Kraken {Str+2}
 18556 | Gauntlet | Noticed a minotaur
 18577 | Gauntlet | Slain by a minotaur

Illustrated notes

Levels and vault maps discovered:
D:1:      lordsloth_arrival_two_stooges, layout_basic, st_stairs_11,
          minmay_fountain_box
D:2:      minmay_inner_zag, layout_loops_ring, minmay_statues_item
D:3:      layout_basic, hellmonk_ecumenical_altar_blasted,
          kennysheep_generic_room_13
D:4:      layout_basic, general_overflow_altar, minmay_goblin_kobold_house
D:5:      minmay_general_purpose_star, layout_rooms, kiku_gazebo_garden_becter,
          lemuel_tele_altar, minmay_misc_feat_plants
D:6:      layout_cave_pods, grunt_nemelex_the_gamble,
          minmay_temple_entry_gardened_gates
D:7:      layout_rooms, lemuel_doored_altar, enter_bailey_7,
          chequers_serial_rivers_large_b
D:8:      layout_layer_cave, lemuel_round_altar, erik_lair_dragon,
          gammafunk_ghost_spectres
D:9:      layout_cross, small_statue_intersection, serial_bayou_crossing,
          uniq_erica, uniq_pikel
D:10:     layout_irregular_city, zombieorc2_lemuel
D:11:     layout_cave_pools, kennysheep_small_circle, uniq_erolcha, uniq_snorg
D:12:     layout_basic, serial_shops, nicolae_shop_waterfront,
          gauntlet_entry_generic
Temple:   eino_temple_rhombus
Gauntlet: gammafunk_gauntlet_77_escape_option
          [minmay_gauntlet_arena_77_terracotta_army,
          minmay_gauntlet_arena_77_radiant_squares,
          minmay_gauntlet_arena_77_path, minmay_gauntlet_arena_77_braids,
          minmay_gauntlet_arena_77_broken_ladder, gauntlet_exit_hidden_loot]

Skill      XL: |  1  2  3  4  5  6  7  8  9 10 11 |
---------------+----------------------------------+-----
Spellcasting   | 2 3 4 6 7 8 10 | 10.3
Dodging        | 3 4 5 7 8 9 |  9.7
Fighting       | 2 3 4 6 7 8 |  8.7
Unarmed Combat | 4 5 6 8 9 |  9.2

Action                   |  1- 3 |  4- 6 |  7- 9 | 10-12 || total
-------------------------+-------+-------+-------+-------++-------
Melee: Unarmed           |   143 |   137 |   289 |   185 ||   754
       Headbutt          |    20 |     7 |     3 |       ||    30
       Punch             |     2 |       |       |     2 ||     4
       Staff             |       |       |       |     6 ||     6
 Cast: Beastly Appendage |    24 |     6 |     1 |       ||    31
       Spider Form       |       |    20 |    47 |    19 ||    86
       Ensorcelled Hiber |       |       |     1 |     3 ||     4
       Fulminant Prism   |       |       |    18 |    36 ||    54
       Hydra Form        |       |       |       |     9 ||     9
       Frozen Ramparts   |       |       |       |     5 ||     5
       Ice Form          |       |       |       |     2 ||     2
       Yara's Violent Un |       |       |       |     1 ||     1
Invok: Curse Item        |       |       |     1 |     2 ||     3
 Abil: End Transformatio |       |       |       |     2 ||     2
Evoke: Wand              |       |       |    11 |     5 ||    16
       Box of beasts     |       |       |       |     1 ||     1
       Phial of floods   |       |       |       |     1 ||     1
  Use: Scroll            |       |       |     1 |     3 ||     4
       Potion            |       |       |       |     5 ||     5
 Stab: Sleeping          |     1 |       |     1 |       ||     2
Armor: Robe              |    25 |     5 |     6 |    25 ||    61
       Skin              |       |     3 |    12 |    23 ||    38
Dodge: Dodged            |    72 |   105 |   284 |   206 ||   667

Table legend: (Time is in decaauts)
 A = Elapsed time spent in this place.
 B = Non-inter-level travel time spent in this place.
 C = Inter-level travel time spent in this place.
 D = Time resting spent in this place.
 E = Time spent auto-exploring this place.
 F = Levels seen in this place.
 G = Mean time per level.
                   A        B        C        D        E       F      G
               +--------+--------+--------+--------+--------+-----+--------+
         Total |  18503 |  17945 |    558 |   3337 |  12211 |  15 | 1233.5 |
       Dungeon |  15458 |  14910 |    548 |   2014 |  11079 |  12 | 1288.2 |
        Temple |    265 |    255 |     10 |      0 |    244 |   1 |  265.0 |
        Bailey |   1468 |   1468 |      0 |    605 |    516 |   1 | 1468.0 |
      Gauntlet |   1311 |   1311 |      0 |    718 |    372 |   1 | 1311.0 |
               +--------+--------+--------+--------+--------+-----+--------+

Top non-repeatable levels by time:
     D:8: 2259 daAuts
    D:10: 2236 daAuts
     D:2: 1947 daAuts
     D:6: 1863 daAuts
     D:1: 1652 daAuts
  Bailey: 1468 daAuts
Gauntlet: 1311 daAuts
     D:3: 1293 daAuts
     D:4: 1234 daAuts
     D:7: 1115 daAuts
     D:5: 1014 daAuts
    D:11: 661 daAuts
  Temple: 265 daAuts
    D:12: 170 daAuts
     D:9: 7 daAuts
